 Dungeon Crawl Stone Soup version 0.31-a0-691-g409c26aa35 (webtiles) character file.

Game seed: 17461638944448916739

78 qw the Shooter (level 4, -13/28 HPs)
             Began as a Gargoyle Hunter on Sept 6, 2023.
             Killed by divine providence
             ... invoked by an orc priest
              (14 damage)
             ... on level 3 of the Dungeon.
             The game lasted 00:00:26 (1414 turns).

qw the Shooter (Gargoyle Hunter)                    Turns: 1414, Time: 00:00:27

Health: -13/28     AC:  9    Str: 14    XL:     4   Next: 36%
Magic:  4/4        EV: 11    Int: 10    God:
Gold:   67         SH:  0    Dex: 15    Spells: 3/3 levels left

rFire   . . .        Y - +1 shortbow
rCold   . . .        (shield currently unavailable)
rNeg    + . .        c - +0 leather armour
rPois   inf          d - +2 hat
rElec   +            (no cloak)
rCorr   .            (no gloves)
SInv    .            a - +0 pair of boots
Will    .....        (no amulet)
Stlth   ++           (no ring)
HPRegen 0.24/turn    (no ring)
MPRegen 0.09/turn

%: no passive effects
@: no status effects
A: sickness immunity, AC +3, negative energy resistance 1, electricity
resistance, torment resistance 1, petrification resistance
a: no special abilities


You were on level 3 of the Dungeon.
You visited 1 branch of the dungeon, and saw 3 of its levels.

You collected 67 gold pieces.


Innate Abilities, Weirdness & Mutations

You are immune to sickness and miasma.
Your stone body is resilient. (AC +3)
You are immune to poison.
You resist negative energy. (rN+)
You are resistant to electric shocks. (rElec)
You are resistant to unholy torment.
You are immune to petrification.


   Skills:
 - Level 3.0 Fighting
 + Level 5.4 Ranged Weapons
 - Level 1.5 Dodging
 - Level 1.1 Stealth


You had 3 spell levels left.
You didn't know any spells.
Your spell library was empty.

Inventory:

Hand Weapons
 Y - a +1 shortbow (weapon)
Armour
 a - a +0 pair of boots (worn)
 c - a +0 leather armour (worn)
 d - a +2 hat (worn)
Scrolls
 g - a scroll of identify
Potions
 b - a potion of cancellation {unknown}
 e - a potion of berserk rage {unknown}
 f - a potion of lignification {unknown}
 h - a potion of curing {unknown}
 i - a potion of haste {unknown}

Dungeon Overview and Level Annotations

Branches:
Dungeon (3/15)

Altars:

Annotations:
D:2 1 runed translucent door, Crazy Yiuf


Message History

You kill the orc!
An orc comes into view. It is wielding a +0 club.
An orc priest comes into view. It is wielding a +0 mace.
Something hits you but does no damage.
You shoot an arrow. The arrow hits the orc.
The orc is moderately wounded.
Something hits you but does no damage.
You shoot an arrow.
The arrow hits the orc but does no damage.
The orc is moderately wounded.
Something hits you but does no damage.
You shoot an arrow. The arrow hits the orc!
You kill the orc!
The orc priest calls down the wrath of Beogh upon you.
Beogh smites you!
Ouch! That really hurt!
Something hits you.
You shoot an arrow. The arrow hits the orc priest.
The orc priest is moderately wounded.
You hear some strange, mumbled words.
Something tries to affect you, but you resist.
Something hits you.
You shoot an arrow. Something completely misses you.
You shoot an arrow. Something hits you but does no damage.
You shoot an arrow. The arrow hits the orc priest!
The orc priest is severely wounded.
Something hits you but does no damage.
You shoot an arrow.
Reactivating autopickup.
You feel a bit more experienced.
You have reached level 4!
You feel clever.
You shoot an arrow. The arrow hits the orc priest.
The orc priest is severely wounded.
The orc priest hits you with a +0 mace!
The orc priest invokes the aid of Beogh against you.
Beogh smites you!
Ouch! That really hurt!
You die...

... #.# #..
... #.# #)#
#.# ... #.#
#.# #.# #o#
#.# #@# #.#
#.#
####.###.##
#........~7
#.##....P77
#.#####.P~7
#.#
##~~~.###
#.#
##~#...#
#.# #.###.#


You could see an orc priest.

Vanquished Creatures
  An orc wizard (D:3)
  A gnoll (D:1)
  2 dart slugs
  2 orcs (D:3)
  4 endoplasms
  2 giant cockroaches (D:1)
  3 hobgoblins
  2 jackals (D:3)
  6 kobolds
  2 bats
  A frilled lizard (D:1)
  6 goblins
  4 rats
36 creatures vanquished.

Notes
Turn   | Place    | Note
-------+----------+-------------------------------------------
     0 | D:1      | qw the Gargoyle Hunter began the quest for the Orb.
     0 | D:1      | Reached XP level 1. HP: 12/12 MP: 1/1
     0 | D:1      | 0 ||| qw: Version: 0.3-a-76-g4403597
     0 | D:1      | 0 ||| qw: Game counter: 7
     0 | D:1      | 0 ||| qw: Melee chars always use a shield: true
     0 | D:1      | 0 ||| qw: God list: Okawaru
     0 | D:1      | 0 ||| qw: Allow faded altars: false
     0 | D:1      | 0 ||| qw: Do Orc after clearing Dungeon:15 true
     0 | D:1      | 0 ||| qw: Do second Lair branch before Depths: true
     0 | D:1      | 0 ||| qw: Lair rune preference: random
     0 | D:1      | 0 ||| qw: Goals: Normal
     0 | D:1      | 0 ||| PLANNING D:1-11
    27 | D:1      | Reached XP level 2. HP: 17/17 MP: 2/2
    88 | D:1      | Found a faded altar of an unknown god.
   381 | D:1      | Reached XP level 3. HP: 21/21 MP: 3/3
   455 | D:1      | Reached skill level 5 in Ranged Weapons
   627 | D:1      | 627 ||| UPGRADING to +2 hat.
   632 | D:1      | 632 ||| READING scroll labelled WOSEYW MAYKOS.
   633 | D:1      | 633 ||| READING scroll labelled AGEISO PUIRAUS.
   634 | D:1      | 634 ||| READING scroll labelled HEUCYL UDOGION.
   635 | D:1      | 635 ||| READING scroll labelled PEVOLAIDIAH.
   638 | D:1      | 638 ||| READING scroll labelled QOSYPR BAXTEOMAM.
   639 | D:1      | 639 ||| DROPPING scroll of butterflies.
  1138 | D:2      | Found a runed translucent door.
  1139 | D:2      | Noticed Crazy Yiuf
  1142 | D:2      | 1142 ||| UPGRADING to +0 pair of boots.
  1273 | D:3      | Reached skill level 3 in Fighting
  1414 | D:3      | Reached XP level 4. HP: 8/28 MP: 4/4
  1414 | D:3      | HP: 1/28 [orc priest/+0 mace (8)]
  1414 | D:3      | Killed from afar by an orc priest

Levels and vault maps discovered:
D:1:      mrwooster_arrival_statue_3, layout_loops_ring,
          ebering_ecumenical_altar_hall, roderic_serpentine_path
D:2:      layout_basic, uniq_crazy_yiuf_cottage
D:3:      layout_loops_ring, gammafunk_ghost_nasty_kobolds, serial_bayou_pond_d

Skill      XL: |  1  2  3 |
---------------+----------+-----
Ranged Weapons | 5 |  5.4
Fighting       | 3 |  3.0
Dodging        | |  1.5
Stealth        | |  1.1

Action                     |  1- 3 |  4- 6 || total
---------------------------+-------+-------++-------
   Fire: Shortbow          |    84 |     1 ||    85
    Use: Scroll            |     5 |       ||     5
 Armour: Leather armour    |    14 |     1 ||    15
  Dodge: Dodged            |    10 |       ||    10

Table legend:
 A = Non-vault XP
 B = Vault XP
 C = Vault XP percentage of total XP
 D = Non-vault monster count
 E = Vault monster count
 F = Vault count percentage of total count
                 A         B        C        D         E       F
            +---------+---------+-------+---------+---------+-------
      Total |     112 |       0 |   0.0 |      36 |       0 |   0.0
            +---------+---------+-------+---------+---------+-------
        D:1 |      40 |       0 |   0.0 |      15 |       0 |   0.0
        D:2 |      19 |       0 |   0.0 |      12 |       0 |   0.0
        D:3 |      53 |       0 |   0.0 |       9 |       0 |   0.0
            +---------+---------+-------+---------+---------+-------
